 Dungeon Crawl Stone Soup version 0.27-a0-1438-g9b7c6745da (webtiles) character file.

Game seed: 11462565897274133742

61742 27snakeeyes612 the Severer (level 14, 0/135 HPs)
             Began as a Minotaur Berserker on July 4, 2021.
             Was a High Priest of Trog.
             Succumbed to a death drake's dark miasma
             ... on level 15 of the Dungeon.
             The game lasted 00:20:31 (15998 turns).

27snakeeyes612 the Severer (Minotaur Berserker)    Turns: 15998, Time: 00:20:32

Health: 0/135      AC: 26    Str: 36    XL:     14   Next: 61%
Magic:  13/13      EV: 27    Int:  1    God:    Trog [*****.]
Gold:   2615       SH:  0    Dex: 11    Spells: 13/13 levels left

rFire    . . .     SeeInvis .   w - +6 broad axe (elec)
rCold    . . .     Faith    .   (no shield)
rNeg     . . .     Spirit   .   J - +2 plate armour
rPois    .         Reflect  .   (helmet restricted)
rElec    +         Harm     .   F - +1 cloak
rCorr    +         Rampage  .   P - +0 pair of gloves
Will     +++..                  h - +2 pair of boots {Fly}
Stlth    ..........             j - amulet "Geeh" {Acrobat rElec rCorr Str+5 Int-4}
HPRegen  1.32/turn              x - +6 ring of strength
MPRegen  0.13/turn              V - +4 ring of slaying

@: lethally poisoned (0 -> -14), strong-willed, acrobatic, flying, regenerating,
slowed, very slow
A: horns 2, retaliatory headbutt
a: Renounce Religion, Berserk, Trog's Hand, Brothers in Arms


You were on level 15 of the Dungeon.
You worshipped Trog.
Trog was extremely pleased with you.
You visited 1 branch of the dungeon, and saw 15 of its levels.
You visited the Abyss 1 time.
You also visited: Bailey and Gauntlet.

You collected 3974 gold pieces.
You spent 1359 gold pieces at shops.

Inventory:

Hand Weapons
 a - a +0 hand axe
 q - a +1 vampiric hand axe
 w - a +6 broad axe of electrocution (weapon)
 y - a +0 war axe
 I - a +5 battleaxe
Missiles
 B - 5 throwing nets
 E - 6 curare-tipped darts
Armour
 b - a +0 animal skin
 h - a +2 pair of boots of flying (worn)
 n - a +0 ring mail
 F - a +1 cloak (worn)
 G - a +0 chain mail
 J - a +2 plate armour (worn)
 P - a +0 pair of gloves (worn)
 Z - a +0 kite shield
Jewellery
 d - an amulet of regeneration
 e - a ring of resist corrosion
 j - the amulet "Geeh" (around neck) {Acrobat rElec rCorr Str+5 Int-4}
   (You bought it in a shop on level 2 of the Dungeon)

   [amulet of the acrobat]

   It increases your evasion while moving and waiting.
   Str:       It affects your strength (+5).
   Int:       It affects your intelligence (-4).
   rElec:     It insulates you from electricity.
   rCorr:     It protects you from acid and corrosion.
 k - a +4 ring of evasion
 x - a +6 ring of strength (left hand)
 C - a ring of positive energy
 D - a ring of protection from cold
 K - a ring of see invisible
 V - a +4 ring of slaying (right hand)
Wands
 o - a wand of digging (1)
 t - a wand of iceblast (24) (quivered)
 z - a wand of polymorph (13)
 R - a wand of paralysis (20)
 S - a wand of flame (31)
Scrolls
 f - 2 scrolls of magic mapping
 g - 3 scrolls of amnesia
 i - a scroll of blinking
 u - 5 scrolls of identify
 N - 3 scrolls of teleportation
 O - a scroll of enchant weapon
 Q - 2 scrolls of enchant armour
 T - 2 scrolls of fear
 Y - a scroll of silence
Potions
 c - 2 potions of haste
 l - 5 potions of lignification
 m - 3 potions of flight
 p - 9 potions of curing
 r - 4 potions of might
 s - 2 potions of attraction
 v - 4 potions of magic
 A - a potion of resistance
 H - a potion of degeneration
 L - a potion of cancellation
 M - a potion of heal wounds
 U - 2 potions of invisibility
 W - a potion of berserk rage
 X - a potion of brilliance


   Skills:
 + Level 15.0 Fighting
 - Level 18.9 Axes
 + Level 15.1 Armour
 + Level 8.6 Dodging
 - Level 0.1 Stealth
 + Level 2.9 Evocations


You had 13 spell levels left.
You didn't know any spells.
Your spell library was empty.

Dungeon Overview and Level Annotations

Branches:
Dungeon (15/15)            Temple (0/1) D:5            Lair (0/6) D:8
    Orc (0/2) D:12         Vaults (0/5) D:13         Bailey (visited)
Gauntlet (visited)
 Depths: D:15

Altars:
Dithmenos
Elyvilon
Gozag
Hepliaklqana
Makhleb
Ru
Sif Muna
Uskayaw
Vehumet

Shops:
D:2 =   D:4 *   D:5 ([[   D:13 *


Innate Abilities, Weirdness & Mutations

You have a pair of horns on your head.
You reflexively headbutt those who attack you in melee.


Message History

Things that are here:
4 large rocks; a cyclops corpse You start resting.
A wind drake comes into view.
A wind drake is nearby!
The wind drake flaps its wings at you. The air twists around and strikes you.
The wind drake changes into a salamander!
You start resting.
A salamander is nearby!
A salamander is nearby!
The salamander changes into a death drake!
A death drake is nearby!
The death drake breathes miasma at you.
You are engulfed in dark miasma.
You are poisoned.
You feel very sick.
You feel very sick.
Your skin crawls.
You feel strong-willed.
You feel very sick.
You feel sick.
You feel sick.
You feel sick. The death drake breathes miasma at you.
The foul vapour engulfs you but does no damage.
You are engulfed in dark miasma.
You are more poisoned.
You feel yourself slow down.
* * * LOW HITPOINT WARNING * * *
You feel very sick.
Blink to where?
Press: ? - help, Dir - move target
As you read the scroll of blinking, it crumbles to dust.
You feel extremely sick.
You feel better. The death drake breathes miasma at you.
You are engulfed in dark miasma.
You are poisoned.
* * * LOW HITPOINT WARNING * * *
You die...

#..#####.......
#.## #####...
##.# #### #.##
##..# #...##
##°...#
##°°...#
#°@°...#
##○#°...#
##°☼#..###
#°○##..#
##○###... ##.☼#
#...# #.k##
#...# ##..#
...# ##°☼##


You could see a death drake shaped shifter (catching breath).

Vanquished Creatures
  A tengu reaver (D:13)
  A minotaur (Gauntlet)
  The ghost of Vate the Blocker, a journeyman GnFi of Okawaru (D:12)
  A fire dragon (D:15)
  3 boulder beetles
  Erolcha (D:12)
  Harold (D:7)
  An ice dragon (D:15)
  Erica (D:11)
  7 centaur warriors
  The ghost of Eronk the Geomancer, a journeyman GrEE of Vehumet (D:13)
  A death knight (D:12)
  5 two-headed ogres
  3 tengu warriors
  A fire crab (Gauntlet)
  An obsidian statue (D:13)
  2 phantasmal warriors (D:12)
  A wizard (D:13)
  Pikel (D:5)
  A deep elf pyromancer (D:13)
  4 orc knights (Bailey)
  19 ugly things
  5 cyclopes
  3 manticores
  A moth of wrath (shapeshifter) (D:14)
  7 centaur zombies
  Maurice (D:12)
  A moth of wrath (Gauntlet)
  2 gargoyles
  3 unseen horrors
  2 efreet
  2 freezing wraiths (D:12)
  A komodo dragon (D:11)
  A hellwing (D:6)
  3 meliai (D:13)
  5 trolls
  Prince Ribbit (D:7)
  A hornet (D:8)
  7 slime creatures
  A meliai zombie (D:11)
  2 redbacks (Gauntlet)
  4 shadows
  A ynoxinul (Gauntlet)
  A basilisk (D:14)
  7 wraiths
  4 fire bats (Gauntlet)
  Grum (D:8)
  23 yaks
  A vampire (D:12)
  2 steam dragons
  4 vampire mosquitoes (D:13)
  Menkaure (D:6)
  A hell hound (Gauntlet)
  An acid dragon (D:10)
  A hornet zombie (D:7)
  19 orc warriors
  2 ice beasts
  3 sky beasts
  4 ogres
  A necrophage (D:5)
  13 centaurs
  2 wolves (D:8)
  2 lemures (D:5)
  3 bullfrogs
  4 kobold brigands
  3 gnoll sergeants
  4 scorpions
  A water moccasin skeleton (D:4)
  11 killer bees
  9 wights
  4 hounds
  2 jellies
  Crazy Yiuf (D:7)
  2 bullfrog zombies (D:5)
  4 orc priests
  5 centaur skeletons
  A bullfrog skeleton (D:6)
  3 iron imps (Gauntlet)
  7 iguanas
  5 orc wizards
  2 killer bee zombies
  2 hound skeletons (D:4)
  6 adders
  21 gnolls
  3 shadow imps (D:7)
  A white imp (D:8)
  3 ufetubi
  4 worms
  A dart slug (D:1)
  37 orcs
  2 bats
  4 endoplasms
  11 giant cockroaches
  13 goblins
  3 hobgoblins
  7 jackals (D:3)
  13 kobolds
  5 quokkas
  5 ball pythons
  3 frilled lizards
  A rat (D:3)
421 creatures vanquished.

Vanquished Creatures (collateral kills)
  Frances (D:14)
  3 hydras
  A hellwing (D:6)
5 creatures vanquished.

Vanquished Creatures (others)
  An orc (Bailey)
  3 demonic plants (Gauntlet)
  12 fungi (D:8)
  9 plants (D:8)
  4 toadstools (D:8)
  4 withered plants (D:7)
33 creatures vanquished.

Grand Total: 459 creatures vanquished

Notes
Turn   | Place    | Note
-------+----------+-------------------------------------------
     0 | D:1      | 27snakeeyes612 the Minotaur Berserker began the quest for
                  | the Orb.
     0 | D:1      | Reached XP level 1. HP: 19/19 MP: 0/0
   334 | D:1      | Reached XP level 2. HP: 27/27 MP: 1/1
   458 | D:2      | Reached skill level 4 in Axes
   518 | D:2      | Found a faded altar of an unknown god.
   598 | D:2      | Found Kaosseumm's Jewellery Shoppe.
   740 | D:2      | Reached XP level 3. HP: 34/34 MP: 2/2
   871 | D:2      | Reached ** piety under Trog
  1399 | D:3      | Reached XP level 4. HP: 41/41 MP: 3/3
  1545 | D:3      | Reached skill level 5 in Axes
  1620 | D:3      | Reached XP level 5. HP: 36/47 MP: 4/4
  1629 | D:3      | Reached skill level 5 in Fighting
  1732 | D:3      | Reached *** piety under Trog
  2181 | D:4      | Found a hazy altar of Hepliaklqana.
  2247 | D:4      | Reached XP level 6. HP: 56/56 MP: 5/5
  2321 | D:4      | Found a burning altar of Makhleb.
  2336 | D:4      | Reached skill level 6 in Axes
  2401 | D:4      | Noticed an ice beast
  2410 | D:4      | Killed an ice beast
  2440 | D:4      | Reached XP level 7. HP: 47/62 MP: 6/6
  2571 | D:4      | Found a shadowy altar of Dithmenos.
  2741 | D:4      | Found Dadeczem's General Store.
  2983 | D:5      | Entered Level 5 of the Dungeon
  2988 | D:5      | Reached skill level 7 in Axes
  3053 | D:5      | Found Inichoyq's Armour Shoppe.
  3086 | D:5      | Reached skill level 5 in Armour
  3232 | D:5      | Found Seadd's Antique Armour Emporium.
  3264 | D:5      | Reached skill level 8 in Axes
  3335 | D:5      | Reached XP level 8. HP: 70/70 MP: 7/7
  3450 | D:5      | Noticed Pikel
  3461 | D:5      | Killed Pikel
  3462 | D:5      | Reached skill level 9 in Axes
  3565 | D:5      | Reached skill level 5 in Dodging
  3566 | D:5      | Found a staircase to the Ecumenical Temple.
  3674 | D:5      | Found Ygual's Antique Weapon Emporium.
  3688 | D:5      | Reached **** piety under Trog
  3691 | D:5      | Reached skill level 10 in Axes
  4018 | D:5      | Found a sacrificial altar of Ru.
  4018 | D:5      | Found a shimmering blue altar of Sif Muna.
  4073 | D:6      | Identified 2 scrolls of acquirement
  4073 | D:6      | Acquired 844 gold pieces
  4077 | D:6      | Acquired 676 gold pieces
  4239 | D:4      | Bought a potion of haste for 130 gold pieces
  4239 | D:4      | Bought a scroll of magic mapping for 45 gold pieces
  4239 | D:4      | Bought a potion of curing for 39 gold pieces
  4250 | D:5      | Bought a pair of embroidered boots for 240 gold pieces
  4328 | D:2      | Bought the amulet "Geeh" {Acrobat rElec rCorr Str+5 Int-4}
                  | for 568 gold pieces
  4340 | D:2      | Lost intelligence.
  4457 | D:6      | Noticed Menkaure
  4465 | D:6      | Killed Menkaure
  4506 | D:6      | Reached XP level 9. HP: 79/79 MP: 8/8
  5187 | D:7      | Noticed a hellwing
  5188 | D:7      | Noticed a hellwing
  5224 | D:6      | Killed a hellwing
  5225 | D:6      | Reached skill level 11 in Axes
  5454 | D:6      | Killed a hellwing
  5588 | D:7      | Reached XP level 10. HP: 68/90 MP: 9/9
  5768 | D:7      | Reached skill level 12 in Axes
  6025 | D:7      | Noticed Prince Ribbit
  6025 | D:7      | Noticed Harold
  6038 | D:7      | Killed Harold
  6098 | D:7      | Killed Prince Ribbit
  6347 | D:7      | Found a runed translucent door.
  6348 | D:7      | Noticed Crazy Yiuf
  6354 | D:7      | Killed Crazy Yiuf
  6542 | D:8      | Found a hide-covered altar of Uskayaw.
  6618 | D:8      | Found a white marble altar of Elyvilon.
  6680 | D:8      | Noticed Grum
  6684 | D:8      | Reached skill level 13 in Axes
  6704 | D:8      | Killed Grum
  6705 | D:8      | Reached skill level 10 in Fighting
  6936 | D:8      | Reached ***** piety under Trog
  7084 | D:8      | Reached XP level 11. HP: 99/99 MP: 10/10
  7125 | D:8      | Found a staircase to the Lair.
  7167 | D:8      | Acquired a +2 broad axe of venom
  7424 | D:9      | Noticed a two-headed ogre
  7432 | D:9      | Killed a two-headed ogre
  7884 | D:9      | Noticed a two-headed ogre
  7890 | D:9      | Killed a two-headed ogre
  8549 | D:10     | Entered Level 10 of the Dungeon
  8555 | D:10     | Reached skill level 10 in Armour
  8591 | D:10     | Reached skill level 14 in Axes
  9595 | D:11     | Noticed a brown ugly thing
  9604 | D:11     | Killed a brown ugly thing
  9768 | D:11     | Noticed a five-headed hydra
  9779 | D:11     | Killed a five-headed hydra
  9972 | D:11     | Noticed Erica
  9977 | D:11     | Killed Erica
  9978 | D:11     | Reached skill level 15 in Axes
  9978 | D:11     | Reached XP level 12. HP: 110/110 MP: 11/11
 10042 | D:11     | Noticed a boulder beetle
 10044 | D:11     | Killed a boulder beetle
 10402 | D:12     | Noticed a centaur warrior
 10411 | D:12     | Killed a centaur warrior
 10434 | D:12     | Noticed a boulder beetle
 10446 | D:12     | Killed a boulder beetle
 10471 | D:12     | Noticed a death knight
 10478 | D:12     | Killed a death knight
 10489 | D:12     | Reached skill level 16 in Axes
 10896 | D:12     | Noticed Maurice
 10902 | D:12     | Killed Maurice
 10935 | D:12     | Noticed a two-headed ogre
 10941 | D:12     | Killed a two-headed ogre
 11119 | D:12     | Found a staircase to the Orcish Mines.
 11613 | D:12     | Found a runed translucent gate.
 11613 | D:12     | Found a runed translucent gate.
 11613 | D:12     | Found a runed translucent gate.
 11614 | D:12     | Noticed Vate's ghost (journeyman GnFi)
 11674 | D:12     | Noticed Erolcha
 11674 | D:12     | Cast into level 1 of the Abyss (Erolcha)
 11674 | Abyss:1  | Found a corrupted altar of Lugonu.
 11709 | D:12     | Escaped the Abyss
 11714 | D:12     | Killed Erolcha
 11715 | D:12     | Reached XP level 13. HP: 119/119 MP: 12/12
 11900 | D:12     | Killed Vate's ghost
 11901 | D:12     | Reached skill level 17 in Axes
 12044 | D:13     | Found a gate to the Vaults.
 12122 | D:13     | Found a runed translucent gate.
 12122 | D:13     | Found a runed translucent gate.
 12137 | D:13     | Found a gate leading to a gauntlet.
 12143 | Gauntlet | Entered a Gauntlet
 12143 | Gauntlet | Found a transporter.
 12143 | Gauntlet | Found a transporter.
 12160 | Gauntlet | Found a transporter.
 12163 | Gauntlet | Found a transporter.
 12163 | Gauntlet | Found a transporter.
 12163 | Gauntlet | Found a transporter.
 12173 | Gauntlet | Found a transporter.
 12177 | Gauntlet | Found a transporter.
 12179 | Gauntlet | Found a large runed translucent door.
 12180 | Gauntlet | Found a large runed translucent door.
 12181 | Gauntlet | Found a large runed translucent door.
 12181 | Gauntlet | Found a large runed translucent door.
 12181 | Gauntlet | Found a runed translucent door.
 12182 | Gauntlet | Found a large runed translucent door.
 12183 | Gauntlet | Found a large runed translucent door.
 12184 | Gauntlet | Found a large runed translucent door.
 12184 | Gauntlet | Found a large runed translucent door.
 12185 | Gauntlet | Found a runed translucent gate.
 12187 | Gauntlet | Found a transporter.
 12201 | Gauntlet | Found a transporter.
 12201 | Gauntlet | Found a runed translucent gate.
 12204 | Gauntlet | Found a transporter.
 12208 | Gauntlet | Found a transporter.
 12212 | Gauntlet | Found a runed translucent door.
 12213 | Gauntlet | Found a large runed translucent door.
 12213 | Gauntlet | Found a large runed translucent door.
 12213 | Gauntlet | Found a large runed translucent door.
 12213 | Gauntlet | Found a large runed translucent door.
 12214 | Gauntlet | Found a large runed translucent door.
 12295 | Gauntlet | Reached ****** piety under Trog
 12387 | Gauntlet | Identified the +0 pair of gloves "Sogenedop" {Fly rF+
                  | Str-3}
 12394 | Gauntlet | Found a large runed translucent door.
 12396 | Gauntlet | Found a large runed translucent door.
 12396 | Gauntlet | Found a large runed translucent door.
 12397 | Gauntlet | Found a runed translucent gate.
 12478 | Gauntlet | Identified the ring "Falauq" {Wiz +Blink}
 12497 | Gauntlet | Noticed a minotaur
 12501 | Gauntlet | Killed a minotaur
 12941 | D:13     | Reached skill level 18 in Axes
 13393 | D:13     | Identified the +6 battleaxe of Fear {vorpal, +Rage rPois
                  | rF+ Str+3} (Trog gifted it to you on level 13 of the
                  | Dungeon)
 13393 | D:13     | Received a gift from Trog
 13549 | D:13     | Found a runed translucent gate.
 13550 | D:13     | Found an opulent altar of Gozag.
 13551 | D:13     | Noticed Eronk's ghost (journeyman GrEE)
 13552 | D:13     | Noticed a tengu reaver
 13553 | D:13     | Found Jawiler's Assorted Antiques.
 13712 | D:13     | Killed a tengu reaver
 13875 | D:13     | Killed Eronk's ghost
 13876 | D:13     | Reached XP level 14. HP: 132/132 MP: 13/13
 13939 | D:13     | Bought a scroll of enchant armour for 202 gold pieces
 13939 | D:13     | Bought a slimy iron ring for 135 gold pieces
 13939 | D:13     | Identified the ring "Wanuk" {Fire Int+5} (You bought it in
                  | a shop on level 13 of the Dungeon)
 14064 | D:14     | Found a flagged portal.
 14076 | Bailey   | Entered a bailey
 14453 | D:14     | Reached skill level 1 in Evocations
 14705 | D:14     | Noticed Frances
 14716 | D:14     | Killed Frances
 15288 | D:15     | Entered Level 15 of the Dungeon
 15296 | D:15     | Found a radiant altar of Vehumet.
 15421 | D:15     | Reached skill level 15 in Armour
 15875 | D:15     | Reached skill level 15 in Fighting
 15998 | D:15     | HP: 6/135 [death drake (shapeshifter)] (17)]
 15998 | D:15     | Succumbed to a death drake's dark miasma

Illustrated notes

Levels and vault maps discovered:
D:1:      minmay_arrival_semitransparent, layout_rooms
D:2:      minmay_roachtagon, layout_loops_ring, shapermc_ecumenical_altar_gd,
          serial_shops, nicolae_shop_waterfront, minmay_ruptured
D:3:      cheibrodos_pilgrimage, layout_loops_ring, minmay_goblin_outpost
D:4:      layout_basic, lemuel_tele_altar, general_overflow_altar,
          worldfamousw_hep_ancestral_shrine, serial_shops,
          nicolae_take_the_stairs
D:5:      layout_loops_corners, amethyst_overflow_temple_binary,
          minmay_temple_entry_mist, serial_shops, shop_fountains,
          nicolae_shop_trees, nicolae_shop_trees, uniq_pikel
D:6:      layout_basic, minmay_starry_boxes, uniq_menkaure
D:7:      cheibrodos_grave_circle, layout_gridville, uniq_prince_ribbit1,
          uniq_crazy_yiuf_cottage, uniq_harold
D:8:      layout_rooms, eat_drink_and_be_merry_uskayaw,
          nicolae_elyvilon_temple_path, grunt_lair_entry_orc_guard_hut,
          hex_medium, minmay_gold_behind_fungi, uniq_grum
D:9:      layout_gridville
D:10:     layout_roguey, minmay_misc_feat_x
D:11:     layout_roguey, uniq_erica
D:12:     layout_cave_pools, kennysheep_orc_monster_closet_entryway,
          gammafunk_ghost_spectres, kennysheep_generic_room_3, uniq_maurice,
          uniq_erolcha
D:13:     layout_roguey, david_vaults_1, gauntlet_entry_generic,
          ebering_ghost_gozag, small_statue_intersection, wad_rectangle_vault
D:14:     layout_irregular_city, palyth_stone_intersect, enter_bailey_5,
          minmay_misc_feat_hallway, glass_columns_a, uniq_frances
D:15:     grunt_enter_depths_hoard, layout_cave_pods,
          nicolae_vehumet_altar_sigil, drop_trap

Skill      XL: |  1  2  3  4  5  6  7  8  9 10 11 12 13 14 |
---------------+-------------------------------------------+-----
Fighting       | 4 5 6 7 8 10 11 12 14 15 | 15.0
Axes           | 4 5 6 8 10 11 13 15 16 18 | 18.9
Dodging        | 3 4 5 6 7 8 |  8.6
Armour         | 3 4 5 6 8 9 11 12 13 15 | 15.1
Evocations     | 2 |  2.9
Stealth        | |  0.1

Action                   |  1- 3 |  4- 6 |  7- 9 | 10-12 | 13-15 || total
-------------------------+-------+-------+-------+-------+-------++-------
Melee: Hand axe          |    90 |   133 |   239 |   136 |       ||   598
       Headbutt          |    16 |    18 |    52 |   112 |    68 ||   266
       Broad axe         |       |       |       |   233 |   230 ||   463
Invok: Berserk           |     2 |     1 |     1 |     4 |     2 ||    10
       Trog's Hand       |       |     1 |     1 |     3 |     6 ||    11
       Brothers in Arms  |       |       |     1 |     1 |     3 ||     5
Evoke: Wand              |       |       |       |     2 |    16 ||    18
  Use: Scroll            |       |       |    13 |    21 |     7 ||    41
       Potion            |       |       |       |       |     2 ||     2
Armor: Animal skin       |    13 |     2 |       |       |       ||    15
       Ring mail         |       |    35 |    89 |    13 |       ||   137
       Chain mail        |       |       |       |    32 |       ||    32
       Plate armour      |       |       |       |   159 |   110 ||   269
Dodge: Dodged            |    63 |   131 |   219 |   397 |   232 ||  1042

Table legend: (Time is in decaauts)
 A = Elapsed time spent in this place.
 B = Non-inter-level travel time spent in this place.
 C = Inter-level travel time spent in this place.
 D = Time resting spent in this place.
 E = Time spent auto-exploring this place.
 F = Levels seen in this place.
 G = Mean time per level.
                   A        B        C        D        E       F      G
               +--------+--------+--------+--------+--------+-----+--------+
         Total |  15939 |  15136 |    803 |   1519 |  11074 |  18 |  885.5 |
       Dungeon |  15290 |  14487 |    803 |   1239 |  11019 |  15 | 1019.3 |
         Abyss |     34 |     34 |      0 |      0 |      0 |   1 |   34.0 |
        Bailey |    248 |    248 |      0 |    141 |      0 |   1 |  248.0 |
      Gauntlet |    366 |    366 |      0 |    138 |     55 |   1 |  366.0 |
               +--------+--------+--------+--------+--------+-----+--------+

Top non-repeatable levels by time:
    D:13: 1702 daAuts
    D:12: 1458 daAuts
     D:6: 1253 daAuts
     D:5: 1177 daAuts
     D:8: 1030 daAuts
    D:14: 1004 daAuts
     D:9: 972 daAuts
    D:11: 962 daAuts
     D:2: 947 daAuts
     D:7: 945 daAuts
    D:10: 924 daAuts
     D:4: 896 daAuts
     D:3: 889 daAuts
    D:15: 702 daAuts
     D:1: 424 daAuts
